Map: Tours du crépuscule

Players

IIIIIIIIIIII (State) - Winner!

  • Race: Protoss Protoss

ByRada

  • Race: Zerg Zerg
  • League: Diamond

Event: NationWars III

VOD

Have the link to the VOD?

Description

Time

  • Played on: Nov. 19, 2015, 3:29 p.m.
  • Length: 13:56

All games in this series

Show
View Real Time Build Order
Export as new Build Order

IIIIIIIIIIII Protoss - Winner!

Build Orders: Nexus First, Oracle Opening 

Get SALT Encoding   

  12  0:01  Probe (Chrono Boost)  
  13  0:11  Probe (Chrono Boost)  
  14  0:18  Pylon  
  14  0:22  Probe (Chrono Boost)  
  15  0:36  Probe (Chrono Boost)  
  16  0:46  Probe (Chrono Boost)  
  17  0:57  Nexus  
  17  1:07  Gateway  
  17  1:10  Probe (Chrono Boost)  
  18  1:15  Assimilator  
  18  1:21  Probe (Chrono Boost)  
  18  1:23  Assimilator  
  19  1:31  Probe (Chrono Boost)  
  20  1:36  Gateway  
  20  1:42  Probe (Chrono Boost)  
  21  1:52  Probe (Chrono Boost)  
  22  1:54  Cybernetics Core  
  22  2:03  Probe (Chrono Boost)  
  23  2:12  Probe (Chrono Boost)  
  23  2:13  Probe (Chrono Boost)  
  26  2:22  Probe (Chrono Boost)  
  26  2:25  Probe (Chrono Boost)  
  27  2:30  Adept x2 (Chrono Boost)  
  27  2:33  Probe, Warp Gate  
  27  2:36  Probe  
  33  2:41  Stargate  
  33  2:45  Probe (Chrono Boost)  
  33  2:47  Pylon  
  33  2:49  Probe (Chrono Boost)  
  35  2:57  Probe (Chrono Boost)  
  36  3:01  Probe (Chrono Boost)  
  39  3:06  Sentry  
  39  3:08  Probe (Chrono Boost)  
  39  3:11  Probe (Chrono Boost)  
  43  3:19  Assimilator  
  44  3:20  Assimilator  
  44  3:22  Pylon  
  43  3:27  Oracle (Chrono Boost)  
  43  3:28  Probe  
  43  3:30  Probe  
  46  3:37  Gateway, Forge  
  46  3:39  Probe  
  47  3:42  Probe  
  48  3:50  Probe, Adept x2  
  48  3:54  Probe  
  54  3:56  Pylon  
  54  4:07  Pylon  
  54  4:11  Protoss Ground Weapons Level 1 (Chrono Boost)  
  54  4:12  Probe  
  54  4:14  Probe  
  56  4:17  Void Ray (Chrono Boost)  
  60  4:24  Probe  
  60  4:26  Probe  
  62  4:34  Robotics Facility  
  62  4:37  Twilight Council  
  62  4:40  Probe  
  62  4:42  Probe  
  64  4:49  Sentry x2  
  64  4:52  Pylon  
  68  4:53  Pylon  
  68  4:54  Pylon  
  68  5:10  Mothership Core  
  45  5:14  Resonating Glaives (Chrono Boost)  
  70  5:22  Nexus  
  70  5:23  Immortal (Chrono Boost)  
  70  5:24  Pylon  
  70  5:26  Probe  
  75  5:31  Probe  
  75  5:34  Pylon  
  76  5:38  Probe  
  77  5:43  Probe  
  78  5:51  Probe  
  78  5:53  Gateway  
  78  5:55  Probe  
  78  5:56  Gateway  
  80  6:00  Immortal (Chrono Boost), Pylon, Protoss Ground Weapons Level 2  
  80  6:03  Probe  
  85  6:07  Probe  
  86  6:15  Probe  
  87  6:19  Probe  
  87  6:20  Gateway  
  88  6:27  Probe  
  88  6:29  Gateway  
  88  6:31  Gateway, Probe  
  88  6:32  Gateway  
  90  6:33  Probe  
  90  6:34  Observer (Chrono Boost)  
  90  6:39  Probe  
  93  6:43  Probe  
  93  6:44  Probe  
  93  6:46  Void Ray  
  95  6:51  Probe  
  100  6:55  Probe  
  100  6:56  Probe  
  100  7:00  Pylon  
  102  7:04  Immortal (Chrono Boost)  
  106  7:09  Sentry x3  
  106  7:10  Adept x2  
  116  7:22  Stalker  
  118  7:30  Void Ray  
  118  7:32  Stalker x3  
  128  7:38  Gateway  
  128  7:39  Warp Prism (Chrono Boost)  
  128  7:40  Gateway  
  128  7:43  Assimilator  
  130  7:44  Gateway  
  130  7:47  Assimilator  
  130  7:55  Stalker x4  
  130  7:56  Stalker, Adept x2  
  141  8:00  Protoss Ground Weapons Level 3  
  141  8:03  Nexus  
  141  8:12  Pylon  
  141  8:17  Pylon  
  141  8:18  Pylon  
  141  8:19  Pylon, Blink  
  139  8:42  Adept  
  139  8:43  Stalker x3, Adept x3  
  139  8:44  Stalker  
  155  8:51  Robotics Facility  
  155  8:55  Mothership Core  
  149  9:09  Robotics Bay  
  143  9:17  Adept x6  
  143  9:18  Adept x2  
  143  9:20  Probe x2  
  161  9:26  Immortal (Chrono Boost)  
  165  9:34  Sentry x2  
  165  9:35  Pylon  
  165  9:37  Pylon  
  169  9:44  Probe  
  170  9:57  Stalker x8  
  170  9:59  Probe  
  184  10:06  Disruptor (Chrono Boost)  
  190  10:08  Disruptor (Chrono Boost), Assimilator  
  190  10:13  Assimilator  
  190  10:15  Pylon  
  178  10:42  Stalker x2  
  178  10:43  Stalker x5  
  178  10:44  Stalker x5  
  155  11:15  Stalker x4  
  155  11:16  Stalker x3  
  158  11:38  Stalker  
  158  11:39  Stalker x3  
  163  11:45  Observer x2 (Chrono Boost)  
  153  11:55  Stalker x2  
  158  12:09  Observer x2 (Chrono Boost)  
  159  12:19  Probe  
  159  12:21  Probe x2  
  159  12:22  Stalker  
  164  12:27  Observer (Chrono Boost)  
  164  12:28  Observer (Chrono Boost)  
  160  12:30  Probe  
  160  12:33  Probe x2  
  163  12:40  Probe  
  141  12:45  Probe x2  
  133  12:52  Probe  
  133  12:57  Probe x2  
  130  13:00  Stalker x5  
  130  13:03  Probe  
  141  13:09  Probe x2  
  143  13:21  Stalker x4  
Show
View Real Time Build Order
Export as new Build Order

ByRada Zerg 

Build Orders: Hatch First, Lurkers 

Get SALT Encoding   

  12  0:01  Drone  
  13  0:11  Drone  
  14  0:17  Overlord  
  14  0:23  Extractor  
  14  0:24  Drone  
  15  0:35  Drone x2  
  17  0:53  Hatchery  
  17  0:55  Drone  
  17  0:58  Drone  
  18  1:06  Extractor  
  17  1:13  Spawning Pool  
  17  1:17  Drone  
  17  1:20  Drone  
  18  1:28  Drone  
  19  1:38  Overlord  
  19  1:48  Drone  
  20  1:59  Drone  
  20  2:00  Queen  
  23  2:05  Queen, Zergling x2  
  26  2:09  Metabolic Boost  
  26  2:13  Drone  
  27  2:17  Drone  
  28  2:26  Drone x2  
  30  2:38  Hatchery  
  30  2:44  Drone x2  
  31  2:48  Overlord  
  31  2:55  Drone x2  
  33  3:05  Zergling x4  
  33  3:11  Zergling x6  
  33  3:12  Zergling x2  
  38  3:17  Drone x2  
  38  3:18  Drone x2  
  42  3:23  Queen  
  44  3:29  Roach Warren  
  43  3:34  Overlord  
  43  3:40  Drone  
  44  3:43  Spore Crawler  
  44  3:45  Spore Crawler  
  42  3:50  Drone  
  42  3:51  Drone x3  
  46  4:01  Drone  
  46  4:02  Drone  
  48  4:03  Drone x2  
  48  4:04  Drone x2  
  48  4:05  Spore Crawler  
  48  4:07  Extractor  
  50  4:18  Drone  
  50  4:19  Drone x3  
  50  4:20  Lair  
  54  4:28  Drone x4  
  58  4:37  Overlord x2  
  57  4:43  Drone x3  
  58  4:46  Extractor  
  58  4:48  Evolution Chamber  
  58  4:50  Overlord  
  58  4:51  Overlord  
  56  5:01  Drone x2  
  56  5:02  Drone x3  
  61  5:10  Overlord x5  
  61  5:12  Drone  
  61  5:19  Drone x2, Hydralisk Den  
  61  5:20  Drone x2  
  64  5:23  Zerg Missile Weapons Level 1, Extractor  
  63  5:32  Drone x4  
  63  5:33  Drone  
  63  5:34  Drone x3  
  63  5:35  Drone  
  72  5:41  Drone x2  
  74  5:51  Muscular Augments  
  74  5:53  Glial Reconstitution  
  74  5:55  Drone x3  
  74  5:56  Extractor  
  76  5:57  Extractor  
  76  6:03  Zergling x12  
  81  6:07  Hatchery  
  78  6:13  Roach x4  
  78  6:15  Roach  
  78  6:18  Overseer  
  88  6:24  Roach x3  
  88  6:25  Roach x4  
  101  6:31  Drone x2  
  103  6:36  Hydralisk  
  103  6:37  Hydralisk  
  103  6:39  Ravager  
  110  6:40  Ravager x2  
  110  6:42  Overlord x2  
  110  6:48  Overlord x3  
  110  7:02  Hydralisk  
  110  7:03  Hydralisk x7  
  126  7:20  Hydralisk x2, Roach  
  126  7:21  Hydralisk x3, Roach x3  
  144  7:34  Hydralisk x2  
  144  7:35  Hydralisk x3  
  154  7:43  Spire  
  153  7:44  Drone  
  153  7:45  Drone x4  
  153  7:46  Drone x2  
  153  7:49  Extractor  
  153  7:50  Extractor  
  132  8:00  Hydralisk x2  
  132  8:01  Hydralisk x2  
  132  8:02  Zergling x6  
  139  8:06  Hydralisk x2  
  139  8:12  Ravager x2  
  145  8:14  Zergling x14  
  145  8:15  Zergling x4  
  154  8:20  Drone  
  155  8:31  Zergling x8  
  157  8:34  Overlord x3  
  146  9:01  Zergling x2  
  146  9:02  Zergling x18  
  148  9:11  Zerg Flyer Weapons Level 1  
  148  9:12  Mutalisk  
  148  9:13  Mutalisk x3  
  148  9:16  Mutalisk x3  
  158  9:20  Mutalisk x2  
  166  9:26  Mutalisk  
  166  9:27  Mutalisk  
  166  9:29  Mutalisk x2  
  174  9:35  Mutalisk x2  
  178  9:38  Spine Crawler  
  178  9:39  Spine Crawler x3  
  178  9:41  Lurker Den  
  174  9:48  Drone x4, Spine Crawler  
  174  9:50  Spine Crawler  
  174  9:51  Spine Crawler  
  175  9:59  Zergling x2  
  175  10:00  Zergling x16  
  183  10:07  Overlord x2  
  183  10:18  Infestation Pit  
  180  10:27  Ravager x3  
  180  10:28  Ravager  
  181  10:52  Zergling x24  
  181  10:53  Zergling x8  
  176  11:02  Hydralisk  
  176  11:03  Hydralisk x6  
  147  11:22  Lurker x7  
  123  11:33  Zergling x18  
  102  11:50  Roach x5  
  103  11:56  Roach x2  
  95  12:07  Hatchery  
  85  12:13  Roach x3  
  85  12:14  Roach x2  
  73  12:29  Roach x2  
  65  12:31  Ravager  
  57  12:39  Hatchery  
  43  13:12  Hatchery  
  38  13:38  Spawning Pool  
Tags
 
Add a new tag
Caveats
  • Supply blocks, unpowered buildings, or Contaminate may cause inaccurate times.
  • Supply counts are checked every 10 seconds.